cohdb
Replays
Latest Replays
All Replays
Popular Replays
Top Player Replays
Match Explorer
How It Works
Community
CoH3 Stats
Reddit
Sign in to upload your games and track your stats! →
Sign in with Steam
Match 45128381
Unlisted
Match 45128381
Overview
Messages
Build Orders
End
Kettenkrad Recon Vehicle
Construct Infanterie Kompanie
Selects Terror Battlegroup
Selects Machine Gun Camouflage
MG 42 Machine Gun Team
MG 42 Machine Gun Team
Kettenkrad Recon Vehicle
MG 42 Bunker
GrW 34 Mortar Team
Construct Panzergrenadier Kompanie
Panzergrenadier Squad
Panzergrenadier Squad
Pak 40 Anti-tank Gun Team
Construct Panzer Kompanie
Panzer IV Medium Tank
Selects Defend the Fatherland
Panzer IV Medium Tank
251 Medium Carrier
Stoßtruppen Squad
Selects King Tiger Heavy Tank
King Tiger Heavy Tank
Selects Contempt for the Weak
Stoßtruppen Squad
Stoßtruppen Squad
Panzer IV Medium Tank
Pioneer Squad
巴图尔
Kzfgy734
温酒斩华佗
PayPerPaper
kirman
SAM
0
0
Comments
sign in to comment!
No comments posted yet!